 Dungeon Crawl Stone Soup version 0.30-a0-723-gc1506a1cf0 (webtiles) character file.

Game seed: 12254522465071371417

2989 purpskrrrp the Skirmisher (level 10, -1/76 HPs)
             Began as a Formicid Hunter on Jan 29, 2023.
             Was an Initiate of Gozag.
             Slain by Grum
             ... wielding a -2 vampiric spear
              (7 damage)
             ... on level 8 of the Dungeon.
             The game lasted 00:14:30 (6411 turns).

purpskrrrp the Skirmisher (Formicid Hunter)         Turns: 6411, Time: 00:14:31

Health: -1/76      AC: 11    Str: 14    XL:     10   Next: 9%
Magic:  10/10      EV:  9    Int: 14    God:    Gozag
Gold:   244        SH: 17    Dex: 23    Spells: 9/9 levels left

rFire   + + .      SeeInvis +    p - +1 sling "Humus" {drain, Contam rPois rC+ rN+ Dex+3}
rCold   + . .      Faith    .    t - +0 tower shield
rNeg    + . .      Spirit   .    E - +0 scale mail {rF+}
rPois   +          Reflect  .    (helmet unavailable)
rElec   .          Harm     .    (no cloak)
rCorr   +          Rampage  .    o - +2 pair of gloves
Will    +....                    v - +0 pair of boots
Stlth   ++                       (no amulet)
HPRegen 0.00/turn                m - ring of resist corrosion
MPRegen 0.12/turn                (no ring)

@: inhibited regen
A: permanent stasis, dig shafts and tunnels, antennae 3, four strong arms,
clever 1, fire resistance 1, inhibited regeneration
a: Dig, Shaft Self, Renounce Religion, Potion Petition, Call Merchant, Bribe
Branch


You were on level 8 of the Dungeon.
You worshipped Gozag.
Gozag was aware of your devotion.
You visited 2 branches of the dungeon, and saw 9 of its levels.

You collected 607 gold pieces.
You spent 198 gold pieces at shops.
You paid 165 gold pieces to Gozag.

Inventory:

Hand Weapons
 a - a +1 shortbow
 d - a +0 giant club
 p - the +1 sling "Humus" (weapon) {drain, Contam rPois rC+ rN+ Dex+3}
   (You took it off a kobold on level 3 of the Dungeon)

   Dex:       It affects your dexterity (+3).
   rC:        It protects you from cold.
   rPois:     It protects you from poison.
   rN:        It protects you from negative energy.
   Contam:    It causes magical contamination when unequipped.
 z - the +5 woodcutter's axe
   (You found it on level 5 of the Dungeon)
Armour
 c - a +0 leather armour
 g - a +0 scale mail
 o - a +2 pair of gloves (worn)
 t - a +0 tower shield (worn)
 v - a +0 pair of boots (worn)
 E - a +0 scale mail of fire resistance (worn)
Jewellery
 m - a ring of resist corrosion (left hand)
Wands
 l - a wand of roots (1)
Scrolls
 b - a scroll of immolation
 e - a scroll of fog
 f - 3 scrolls of blinking
 s - a scroll of fear
 w - 2 scrolls of amnesia
 x - 2 scrolls of magic mapping
 y - a scroll of butterflies {unknown}
 F - a scroll of identify
Potions
 h - 5 potions of resistance
 i - 2 potions of invisibility
 j - 3 potions of might
 k - a potion of heal wounds
 n - 4 potions of attraction
 r - 2 potions of flight
 u - a potion of berserk rage {unknown}
 A - a potion of cancellation {unknown}
 B - a potion of magic {unknown}
 C - a potion of brilliance {unknown}
 D - a potion of lignification {unknown}


   Skills:
 + Level 5.7 Fighting
 * Level 8.1 Ranged Weapons
 + Level 5.1 Armour
 + Level 4.7 Dodging
 + Level 6.5 Stealth
 * Level 7.2 Shields


You had 9 spell levels left.
You didn't know any spells.
Your spell library contained the following spells:

 Spells                   Type           Power      Damage    Failure   Level
 Ensorcelled Hibernation  Hex/Ice        0%         N/A       100%        2
 Confusing Touch          Hex            0%         N/A       100%        3
 Hailstorm                Conj/Ice       0%         3d3       100%        3
 Ice Form                 Ice/Tmut       0%         N/A       100%        4
 Arcjolt                  Conj/Air       0%         1d10      100%        5
 Chain Lightning          Conj/Air       0%         N/A       100%        9
 Simulacrum               Ice/Necr       Unusable   N/A       N/A         6

Dungeon Overview and Level Annotations

Branches:
Dungeon (8/15)             Temple (1/1) D:7
   Lair: D:8-11

Altars:
Ashenzari
Dithmenos
Elyvilon
Fedhas
Gozag
Makhleb
Nemelex Xobeh
Qazlal
Ru
Sif Muna
Trog
Wu Jian
Xom
Yredelemnul
Zin

Shops:
D:5 !   D:7 =   D:8 *

Annotations:
D:8 Grum


Innate Abilities, Weirdness & Mutations

You cannot be hasted, slowed, berserked, paralysed or teleported.
You can dig through walls and to a lower floor.
You have a pair of large antennae on your head. (SInv)
Your four strong arms can wield two-handed weapons with a shield.
Your mind is acute. (Int +4, Str/Dex -1)
Your flesh is heat resistant. (rF+)
You do not regenerate when monsters are visible.


Message History

The javelin pierces through the wolf but does no damage.
The wolf is heavily wounded.
The javelin pierces through Grum.
Grum is heavily wounded.
The javelin pierces through the wolf.
The wolf is moderately wounded.
You block the wolf's attack. You block Grum's attack.
You block the wolf's attack.
Grum hits you from afar with a -2 vampiric spear!
* * * LOW HITPOINT WARNING * * *
You feel much better. The wolf bites you. The wolf barely misses you.
Grum hits you from afar with a -2 vampiric spear!
* * * LOW HITPOINT WARNING * * *
Throw: 2 javelins
Press: ? - help, Shift-Dir - straight line, f/p - wolf
Aim: a wolf (moderately wounded, 50% to hit)
You throw a javelin. The javelin closely misses the wolf.
The javelin closely misses Grum.
The javelin pierces through the wolf.
The wolf is heavily wounded.
You block the wolf's attack. The wolf bites you but does no damage.
You block Grum's attack. The wolf bites you but does no damage.
Throw: javelin
Press: ? - help, Shift-Dir - straight line, f/p - wolf
Aim: a wolf (heavily wounded, 50% to hit)
You throw a javelin.
The javelin pierces through the wolf but does no damage.
The wolf is heavily wounded.
The javelin pierces through Grum!
Grum is severely wounded.
The javelin pierces through the wolf but does no damage.
The wolf is heavily wounded.
The wolf bites you!
* * * LOW HITPOINT WARNING * * *
The wolf bites you!
* * * LOW HITPOINT WARNING * * *
You block Grum's attack. You block the wolf's attack.
Grum hits you from afar with a -2 vampiric spear!
You die...
Your body crumbles into a pile of gold.

.####### ........
#(# .######.# #.#
.# #.# #.# .# #.#
#.# .# #.# #h# ##
#.# #g# # #.# #h#
## #.# #@# .# ##.#
#.#
.#####..########.#
.....[#..........#
..####.###########
..# ### ..# #.#
#)#


You could see Grum and 2 wolves.

Vanquished Creatures
  Psyche (D:8)
  Grinder (D:3)
  2 water moccasins (D:7)
  3 ice beasts
  3 orc warriors
  A wolf (D:8)
  A centaur (D:5)
  3 ogres
  2 kobold brigands
  2 bullfrogs (D:7)
  A scorpion (D:7)
  2 howler monkeys
  A jelly (D:7)
  4 hounds
  8 orc priests
  A gnoll bouda (D:7)
  4 iguanas
  Natasha (D:2)
  6 orc wizards
  7 gnolls
  2 adders
  4 white imps
  An ufetubus (D:4)
  2 worms (D:4)
  2 dart slugs (D:1)
  25 orcs
  5 bats
  4 endoplasms
  3 giant cockroaches (D:2)
  11 goblins
  8 hobgoblins
  10 jackals
  17 kobolds
  5 ball pythons
  A frilled lizard (D:3)
  4 rats (D:1)
158 creatures vanquished.

Notes
Turn   | Place    | Note
-------+----------+-------------------------------------------
     0 | D:1      | purpskrrrp the Formicid Hunter began the quest for the Orb.
     0 | D:1      | Reached XP level 1. HP: 16/16 MP: 1/1
   112 | D:1      | Reached XP level 2. HP: 13/23 MP: 2/2
   437 | D:1      | Got Mugogriakh's Lessons on the Excruciating Wyrd
   571 | D:1      | Reached XP level 3. HP: 28/28 MP: 3/3
   704 | D:2      | Noticed Natasha
   706 | D:2      | Killed Natasha
   707 | D:2      | Reached skill level 1 in Armour
   707 | D:2      | Reached XP level 4. HP: 26/34 MP: 4/4
  1341 | D:3      | Found a shimmering altar of Xom.
  1423 | D:3      | Identified the +1 sling "Humus" {drain, Contam rPois rC+
                  | rN+ Dex+3}
  1704 | D:3      | Reached XP level 5. HP: 27/41 MP: 5/5
  1704 | D:3      | Noticed Grinder
  1720 | D:3      | Killed Grinder
  1721 | D:3      | Reached skill level 5 in Ranged Weapons
  1721 | D:3      | Reached XP level 6. HP: 32/47 MP: 6/6
  2072 | D:4      | Noticed an ogre
  2083 | D:3      | Killed an ogre
  2084 | D:3      | Reached XP level 7. HP: 30/53 MP: 7/7
  3151 | D:5      | Entered Level 5 of the Dungeon
  3155 | D:5      | Reached skill level 6 in Ranged Weapons
  3155 | D:5      | Reached skill level 1 in Shields
  3181 | D:5      | Found the +5 woodcutter's axe
  3235 | D:5      | Found Dabilonn's Distillery.
  3241 | D:5      | Bought a potion of heal wounds for 55 gold pieces
  3241 | D:5      | Bought a potion of heal wounds for 55 gold pieces
  3241 | D:5      | Bought a potion of mutation for 88 gold pieces
  3241 | D:5      | Gained mutation: You are partially covered in iridescent
                  | scales. (AC +2) [potion of mutation]
  3241 | D:5      | Gained mutation: You have hidden genetic defects. [potion
                  | of mutation]
  3241 | D:5      | Gained mutation: You have terrible hidden genetic defects.
                  | [potion of mutation]
  3242 | D:5      | Lost mutation: You have terrible hidden genetic defects.
                  | [potion of mutation]
  3242 | D:5      | Lost mutation: You have hidden genetic defects. [potion of
                  | mutation]
  3242 | D:5      | Lost mutation: You are partially covered in iridescent
                  | scales. (AC +2) [potion of mutation]
  3242 | D:5      | Gained mutation: Your flesh is heat resistant. (rF+)
                  | [potion of mutation]
  3242 | D:5      | Gained mutation: You do not regenerate when monsters are
                  | visible. [potion of mutation]
  3242 | D:5      | Gained mutation: Your mind is acute. (Int +4, Str/Dex -1)
                  | [potion of mutation]
  3358 | D:5      | Found a shadowy altar of Dithmenos.
  3371 | D:5      | Reached XP level 8. HP: 44/60 MP: 8/8
  3474 | D:5      | You fall into a shaft and drop 3 floors!
  4416 | D:6      | Reached skill level 5 in Stealth
  4500 | D:6      | Found a blossoming altar of Fedhas.
  4500 | D:6      | Found a stormy altar of Qazlal.
  4541 | D:6      | Reached skill level 7 in Ranged Weapons
  4541 | D:6      | Reached XP level 9. HP: 33/66 MP: 9/9
  4812 | D:6      | Reached skill level 5 in Shields
  4911 | D:6      | Found an ornate altar of the Wu Jian Council.
  5125 | D:7      | Reached skill level 5 in Fighting
  5130 | D:7      | Found Tuthreiq's Jewellery Boutique.
  5201 | D:7      | Found a sparkling altar of Nemelex Xobeh.
  5234 | D:7      | Found a staircase to the Ecumenical Temple.
  5837 | Temple   | Entered the Ecumenical Temple
  5857 | Temple   | Became a worshipper of Gozag Ym Sagoz the Greedy
  6103 | D:8      | Found a glowing silver altar of Zin.
  6104 | D:8      | Found Zin's Purification Station.
  6294 | D:8      | Noticed Psyche
  6324 | D:8      | Killed Psyche
  6325 | D:8      | Reached skill level 8 in Ranged Weapons
  6325 | D:8      | Reached skill level 5 in Armour
  6325 | D:8      | Reached XP level 10. HP: 63/76 MP: 10/10
  6394 | D:8      | Noticed Grum
  6411 | D:8      | Slain by Grum

Illustrated notes

Levels and vault maps discovered:
D:1:      dpeg_arrival_concentric_ovals, layout_basic
D:2:      layout_loops_ring, uniq_robin, uniq_natasha
D:3:      layout_basic, amcnicky_altar_gilded, uniq_grinder
D:4:      layout_gridville
D:5:      layout_rooms, nicolae_dithmenos_the_darkroom, serial_shops,
          nicolae_shop_trees, grunt_decor_cap, corexii_corridor_pit
D:6:      layout_basic, grunt_temple_overflow_forces_of_nature,
          nicolae_wu_jian_immortal_techniques
D:7:      layout_loops_ring, overflow_temple_1_default,
          minmay_temple_entry_glassed_door, serial_shops, shop
D:8:      layout_loops_ring, zin_purify, chequers_temple_overflow_minitemple,
          uniq_grum, uniq_psyche, uniq_maggie
Temple:   hellmonk_temple_rainy

Skill      XL: |  1  2  3  4  5  6  7  8  9 |
---------------+----------------------------+-----
Dodging        | 2 3 4 |  4.7
Armour         | 1 2 3 4 5 |  5.1
Stealth        | 2 3 4 5 6 |  6.5
Fighting       | 3 4 5 |  5.7
Ranged Weapons | 5 6 7 8 |  8.1
Shields        | 2 4 7 |  7.2

Action                     |  1- 3 |  4- 6 |  7- 9 | 10-12 || total
---------------------------+-------+-------+-------+-------++-------
  Melee: Unarmed           |       |       |     9 |       ||     9
   Fire: Shortbow          |    43 |    39 |       |       ||    82
         Sling             |       |    44 |   423 |    11 ||   478
  Throw: Javelin           |       |       |     2 |     6 ||     8
    Use: Scroll            |     2 |     6 |     8 |     1 ||    17
         Potion            |       |     1 |     3 |     2 ||     6
 Armour: Leather armour    |     7 |       |       |       ||     7
         Scale mail        |       |    12 |   114 |     8 ||   134
         Skin              |       |       |     2 |       ||     2
  Dodge: Dodged            |    13 |    21 |    94 |     9 ||   137
  Block: Tower shield      |       |       |   256 |    27 ||   283

Table legend: (Time is in decaauts)
 A = Elapsed time spent in this place.
 B = Non-inter-level travel time spent in this place.
 C = Inter-level travel time spent in this place.
 D = Time resting spent in this place.
 E = Time spent auto-exploring this place.
 F = Levels seen in this place.
 G = Mean time per level.
                   A        B        C        D        E       F      G
               +--------+--------+--------+--------+--------+-----+--------+
         Total |   6687 |   6306 |    381 |    503 |   4424 |   9 |  743.0 |
       Dungeon |   6660 |   6284 |    376 |    503 |   4415 |   8 |  832.5 |
        Temple |     26 |     21 |      5 |      0 |      9 |   1 |   26.0 |
               +--------+--------+--------+--------+--------+-----+--------+

Top non-repeatable levels by time:
     D:5: 992 daAuts
     D:3: 961 daAuts
     D:7: 927 daAuts
     D:4: 913 daAuts
     D:6: 892 daAuts
     D:2: 679 daAuts
     D:1: 671 daAuts
     D:8: 622 daAuts
  Temple: 26 daAuts
